 Dungeon Crawl Stone Soup version 0.21-a0-404-g291f19a (webtiles) character file.

93 exp172 the Cudgeler (level 4, -20/45 HPs)
             Began as a Troll Berserker on Oct 31, 2017.
             Was a Believer of Trog.
             Killed from afar by Ijyb (23 damage)
             ... with a wand of lightning (?/15)
             ... on level 3 of the Dungeon.
             The game lasted 00:07:01 (844 turns).

exp172 the Cudgeler (Troll Berserker)                Turns: 844, Time: 00:07:03

Health: -20/45     AC:  5    Str: 26    XL:     4   Next: 36%
Magic:  3/3        EV: 10    Int:  3    God:    Trog [**....]
Gold:   42         SH:  0    Dex:  9    Spells: 3/3 levels left

rFire    . . .     SeeInvis .   a - +0 mace
rCold    . . .     Gourm    +   (no shield)
rNeg     . . .     Faith    .   b - +0 animal skin
rPois    .         Spirit   .   (helmet restricted)
rElec    .         Reflect  .   (no cloak)
rCorr    .         Harm     .   (gloves unavailable)
MR       .....     Rnd*Tele +   (boots unavailable)
Stlth    +.........             (no amulet)
HPRegen  0.55/turn              g - ring of teleportation (curse)
MPRegen  0.08/turn              (no ring)

@: lethally poisoned (-20 -> -21)
A: unfitting armour, claws 3, fast metabolism 3, gourmand, regeneration 1,
shaggy fur 1, tough skin 2
a: Berserk, Trog's Hand, Burn Spellbooks, Renounce Religion


You were on level 3 of the Dungeon.
You worshipped Trog.
Trog was pleased with you.
You were not hungry.

You visited 1 branch of the dungeon, and saw 3 of its levels.

You collected 42 gold pieces.

Inventory:

Hand Weapons
 a - a +0 mace (weapon)
Armour
 b - a +0 animal skin (worn)
Jewellery
 g - a cursed ring of teleportation (left claw)
Scrolls
 d - a scroll of enchant armour {unknown}
 i - a scroll of random uselessness {unknown}
Potions
 e - a potion of heal wounds {unknown}
 f - 2 potions of curing {unknown}
 j - a potion of haste {unknown}
 k - a potion of lignification {unknown}
Comestibles
 c - a bread ration
 h - 2 royal jellies


   Skills:
 + Level 3.3 Fighting
 + Level 3.5 Maces & Flails
 + Level 3.0 Dodging


You had 3 spell levels left.
You didn't know any spells.

Dungeon Overview and Level Annotations

Branches:
Dungeon (3/15)

Altars:
Cheibriados
Hepliaklqana
Ru

Annotations:
D:3 Ijyb


Innate Abilities, Weirdness & Mutations

You are too large for most types of armour.
You have claws for hands.
Your metabolism is lightning-fast.
You like to eat raw meat.
Your natural rate of healing is unusually fast.
You are covered in fur. (AC +1)
You have very tough skin. (AC +2)


Message History

* * * LOW HITPOINT WARNING * * *
Ijyb burns you.
* * * LOW HITPOINT WARNING * * *
The adder bites you.
* * * LOW HITPOINT WARNING * * *
You are more poisoned.
The adder poisons you!
You closely miss Ijyb.
Ijyb is severely wounded.
You feel sick. The adder bites you.
* * * LOW HITPOINT WARNING * * *
You are more poisoned.
The adder poisons you! Ijyb completely misses you.
You completely miss Ijyb.
Ijyb is severely wounded.
You feel sick. The adder bites you.
* * * LOW HITPOINT WARNING * * *
Ijyb zaps a wand.
The bolt of lightning hits you!
Ouch! That really hurt!
You die...

###################
...................
##.......##.##..####
#.^##.##.#...#..#
###.#..#...#...(....#
#.$...S@.....#...#..#
#.....g#...#..#.##..#
#......##.#.........#
≈≈≈≈##.........#.##.#
### ##.##.#..#...#.#
#.#...#.......#
........#...#...
...#...#.##.##...
#..##.##.. .. .#


You could see Ijyb and an adder.

Vanquished Creatures
  Terence (D:2)
  4 adders
  2 worms (D:2)
  A dart slug (D:2)
  A leopard gecko (D:2)
  An orc (D:2)
  3 bats (D:2)
  4 goblins (D:2)
  2 hobgoblins (D:2)
  3 jackals (D:2)
  A quokka (D:2)
  A frilled lizard (D:2)
  2 rats
26 creatures vanquished.

Notes
Turn   | Place    | Note
-------+----------+-------------------------------------------
     0 | D:1      | exp172 the Troll Berserker began the quest for the Orb.
     0 | D:1      | Reached XP level 1. HP: 22/22 MP: 0/0
    27 | D:1      | You fall through a shaft!
    42 | D:2      | Reached XP level 2. HP: 29/29 MP: 1/1
   183 | D:2      | Reached XP level 3. HP: 36/36 MP: 2/2
   239 | D:2      | Found a hazy altar of Hepliaklqana.
   419 | D:2      | Noticed Terence
   432 | D:2      | Killed Terence
   432 | D:2      | Reached XP level 4. HP: 45/45 MP: 3/3
   555 | D:2      | Found a sacrificial altar of Ru.
   760 | D:3      | Found a snail-covered altar of Cheibriados.
   774 | D:3      | Reached ** piety under Trog
   829 | D:3      | Noticed Ijyb
   844 | D:3      | Killed from afar by Ijyb

Vault maps used:
D:1:      evilmike_arrival_grusome_pit
D:2:      old_standard_altar, nicolae_ru_the_path_less_chosen, uniq_terence
D:3:      minmay_crystal_water, hangedman_decor_clover_reticule,
          lemuel_statue_altar, uniq_ijyb

Skill      XL: |  1  2  3  4 |
---------------+-------------+-----
Maces & Flails | 3 |  3.5
Fighting       | 3 |  3.3
Dodging        | 3 |  3.0

Action                   |  1- 3 |  4- 6 || total
-------------------------+-------+-------++-------
Melee: Mace              |    63 |    32 ||    95
Invok: Berserk           |     1 |       ||     1
  Eat: Chunk             |     3 |     2 ||     5
       Bread ration      |       |     1 ||     1
Armor: Animal skin       |    24 |    16 ||    40
Dodge: Dodged            |    62 |    22 ||    84

Table legend:
 A = Spawn XP
 B = Non-spawn XP
 C = Spawn XP percentage of total XP
 D = Spawn monster count
 E = Non-spawn monster count
 F = Spawn count percentage of total count
 G = Total turns spent on level
                    A         B        C        D         E        F      G
               +---------+---------+-------+---------+---------+-------+---------
         Total |       0 |     133 |   0.0 |       0 |      26 |   0.0 |   844
               +---------+---------+-------+---------+---------+-------+---------
           D:2 |       0 |     106 |   0.0 |       0 |      23 |   0.0 |   733
           D:3 |       0 |      27 |   0.0 |       0 |       3 |   0.0 |    84
               +---------+---------+-------+---------+---------+-------+---------
